 Dungeon Crawl Stone Soup version 0.24.1 (webtiles) character file.

Game seed: 3976993626154392638, levelgen mode: deterministic

3486 funkygono the Destroyer (level 10, -3/54 HPs)
             Began as a Gargoyle Earth Elementalist on Mar 25, 2020.
             Was a Priest of Vehumet.
             Engulfed by a cloud of freezing vapour (20 damage)
             ... on level 9 of the Dungeon.
             The game lasted 00:32:03 (8880 turns).

funkygono the Destroyer (GrEE)                      Turns: 8880, Time: 00:32:03

Health: -3/54      AC: 20    Str: 12    XL:     10   Next: 7%
Magic:  15/29      EV: 12    Int: 19    God:    Vehumet [***...]
Gold:   318        SH:  0    Dex: 10    Spells: 9/23 levels left

rFire    . . .     SeeInvis .   M - staff of conjuration
rCold    . . .     Gourm    .   (no shield)
rNeg     + . .     Faith    .   C - +0 leather armour
rPois    ∞         Spirit   .   (no helmet)
rElec    +         Reflect  .   E - +2 cloak "Miwuskes" {rPois}
rCorr    .         Harm     .   (no gloves)
MR       .....                  n - +1 pair of boots
Stlth    ++........             (no amulet)
HPRegen  0.18/turn              r - +4 ring of protection
MPRegen  0.21/turn              e - ring of magical power

@: no status effects
A: negative energy resistance 1, electricity resistance, unbreathing,
petrification resistance, rot immunity, AC +7
a: Renounce Religion


You were on level 9 of the Dungeon.
You worshipped Vehumet.
Vehumet was most pleased with you.
You were hungry.

You visited 2 branches of the dungeon, and saw 10 of its levels.
You also visited: Ossuary.

You collected 318 gold pieces.

Inventory:

Hand Weapons
 h - a +2 flail
 N - a +0 quarterstaff
Missiles
 b - 339 stones (quivered)
Armour
 i - a +0 buckler
 n - a +1 pair of boots (worn)
 q - a +0 ring mail
 C - a +0 leather armour (worn)
 E - the +2 cloak "Miwuskes" (worn) {rPois}
   (You found it on level 7 of the Dungeon)

   It protects you from poison.
 F - a +2 cloak
Magical Staves
 M - an uncursed staff of conjuration (weapon)
Jewellery
 e - a ring of magical power (right hand)
 l - an uncursed ring of protection from magic
 r - a +4 ring of protection (left hand)
 y - an uncursed ring of protection from cold
 J - an uncursed ring of flight
 L - an uncursed ring of wizardry
Wands
 s - a wand of digging (19)
 G - a wand of polymorph (7)
Scrolls
 c - 3 scrolls of teleportation
 w - 2 scrolls of enchant weapon
 x - a scroll of fog
 D - a scroll of remove curse
 H - 2 scrolls of fear
 I - a scroll of magic mapping
 K - a scroll of amnesia {unknown}
Potions
 a - 2 potions of haste
 d - 2 potions of heal wounds
 g - 5 potions of mutation
 j - 2 potions of agility
 k - a potion of resistance
 m - 2 potions of lignification {unknown}
 o - a potion of ambrosia {unknown}
 p - 2 potions of invisibility
 t - a potion of brilliance {unknown}
 u - a potion of berserk rage {unknown}
 v - a potion of flight {unknown}
 z - 2 potions of curing
 A - 2 potions of cancellation
 B - a potion of might {unknown}
Comestibles
 f - 14 rations


   Skills:
 + Level 2.6 Fighting
 + Level 3.5(3.8) Maces & Flails
 + Level 1.6(2.8) Staves
 + Level 4.2 Armour
 + Level 3.0 Dodging
 + Level 3.1 Stealth
 + Level 7.0 Spellcasting
 + Level 8.3 Conjurations
   Level 0.7 Transmutations
 + Level 6.9 Earth Magic
 + Level 0.5 Poison Magic


You had 9 spell levels left.
You knew the following spells:

 Your Spells              Type           Power        Failure   Level  Hunger
a - Sandblast             Erth           ####..       1%          1    None
b - Stone Arrow           Conj/Erth      ######       1%          3    #......
c - Magic Dart            Conj           ####         1%          1    None
d - Lee's Rapid Deconstr  Erth           ####......   5%          5    #####..
e - Sting                 Conj/Pois      ####         1%          1    None
f - Dazzling Spray        Conj/Hex       ####..       1%          3    #......

Your spell library contained the following spells:

 Spells                   Type           Power        Failure   Level  Hunger
 Conjure Flame            Conj/Fire      ####....     1%          3    #......
 Mephitic Cloud           Conj/Pois/Air  ####....     3%          3    #......
 Passwall                 Tmut/Erth      ###.....     4%          2    None
 Blink                    Tloc           N/A          19%         2    None
 Call Imp                 Summ           #.......     19%         2    None
 Slow                     Hex            #.......     19%         2    None
 Petrify                  Tmut/Erth      ###.....     26%         4    ###....


Dungeon Overview and Level Annotations

Branches:
Dungeon (9/15)             Temple (1/1) D:5         Ossuary (visited)
   Lair: D:8-11         Orc: D:9-12

Altars:
Ashenzari
Cheibriados
Dithmenos
Elyvilon
Fedhas
Gozag
Hepliaklqana
Kikubaaqudgha
Makhleb
Nemelex Xobeh
Okawaru
Qazlal
Ru
Sif Muna
Trog
Uskayaw
Vehumet
Wu Jian
Xom
Yredelemnul
Zin
The Shining One

Annotations:
D:7 3 runed translucent doors, Rastanax's ghost, novice MiBe


Innate Abilities, Weirdness & Mutations

You are resistant to torment.
Your stone body is resilient. (AC +7)
You are immune to poison.
You resist negative energy. (rN+)
You are resistant to electric shocks. (rElec)
You can survive without breathing.
You are immune to petrification.
You are immune to rotting.


Message History

Aiming: Stone Arrow (safe; 1% risk of failure)
Press: ? - help, Shift-Dir - straight line, f/p - ice statue
Aim: an ice statue (heavily damaged)
You feel a surge of power!
The stone arrow hits the ice statue!!
The ice statue is almost destroyed.
You are engulfed in freezing vapours.
Casting: Stone Arrow (safe; 1% risk of failure)
Confirm with . or Enter, or press ? or * to list all spells.
Aiming: Stone Arrow (safe; 1% risk of failure)
Press: ? - help, Shift-Dir - straight line, f/p - ice statue
Aim: an ice statue (almost destroyed)
You feel a surge of power!
The stone arrow hits the ice statue!
You destroy the ice statue!
Vehumet accepts your kill.
You feel your power returning.
Your Dodging skill increases to level 3!
Your Spellcasting skill increases to level 7!
You have reached level 10!
You are engulfed in freezing vapours.
You die...

#### #... ############
#... ..≈≈≈.....⌠# #...
^.≈≈≈.○○☼☼.##########...
..≈.≈.○@☼...............
..≈≈≈.○○☼...............
..≈≈≈.....⌠..####'###...
###########..#......#...
#..#......#...
.[.#......#...
....########.[. ......
...... ...... ######


There were no monsters in sight!

Vanquished Creatures
  Pikel (D:8)
  An ice statue (D:9)
  A wraith (Ossuary)
  An orc warrior (D:7)
  An ice beast (D:6)
  A sky beast (D:6)
  A black bear (D:8)
  A necrophage (D:7)
  4 ogres
  2 big kobolds
  Blork the orc (D:5)
  4 bullfrogs
  A scorpion (D:7)
  3 killer bees (D:8)
  3 wights (D:7)
  3 crimson imps
  A howler monkey (D:7)
  A centaur zombie (D:6)
  A bullfrog zombie (D:8)
  2 hounds
  8 orc wizards
  An iguana (D:8)
  6 worker ants
  2 hound skeletons (D:6)
  2 hound zombies
  3 mummies (Ossuary)
  A gnoll (D:1)
  9 adders
  A howler monkey skeleton (D:6)
  2 oozes
  3 dart slugs
  3 worms
  4 leopard geckos
  24 orcs
  8 giant cockroaches
  11 goblins
  8 hobgoblins
  17 jackals
  6 quokkas
  6 bats
  4 frilled lizards
  4 goblin zombies (Ossuary)
  2 hobgoblin zombies (Ossuary)
  20 kobolds
  4 kobold zombies (Ossuary)
  A leopard gecko skeleton (D:7)
  A leopard gecko zombie (D:5)
  A quokka skeleton (D:6)
  2 quokka zombies
  8 rats
206 creatures vanquished.

Vanquished Creatures (others)
  A fungus (D:7)
  3 plants (D:7)
4 creatures vanquished.

Grand Total: 210 creatures vanquished

Notes
Turn   | Place    | Note
-------+----------+-------------------------------------------
     0 | D:1      | funkygono the Gargoyle Earth Elementalist began the quest
                  | for the Orb.
     0 | D:1      | Reached XP level 1. HP: 10/10 MP: 3/3
   172 | D:1      | Reached XP level 2. HP: 15/15 MP: 1/5
   477 | D:1      | Reached XP level 3. HP: 19/19 MP: 4/6
   482 | D:1      | Learned a level 3 spell: Stone Arrow
  1184 | D:2      | Reached XP level 4. HP: 18/24 MP: 7/8
  1282 | D:2      | Reached skill level 1 in Conjurations
  1626 | D:3      | Learned a level 1 spell: Magic Dart
  1663 | D:3      | Reached skill level 1 in Armour
  1998 | D:3      | Reached skill level 5 in Earth Magic
  1998 | D:3      | Reached XP level 5. HP: 27/28 MP: 2/9
  2010 | D:3      | Learned a level 5 spell: Lee's Rapid Deconstruction
  2173 | D:3      | Found a stormy altar of Qazlal.
  2723 | D:4      | Reached skill level 1 in Maces & Flails
  2723 | D:4      | Reached XP level 6. HP: 21/33 MP: 9/11
  2866 | D:4      | Reached skill level 2 in Conjurations
  3128 | D:4      | Reached skill level 1 in Fighting
  3128 | D:4      | Reached skill level 3 in Conjurations
  3253 | D:4      | Reached XP level 7. HP: 31/38 MP: 8/13
  3888 | D:5      | Entered Level 5 of the Dungeon
  3978 | D:5      | Found a staircase to the Ecumenical Temple.
  4041 | Temple   | Entered the Ecumenical Temple
  4133 | Temple   | Became a worshipper of Vehumet
  4174 | D:5      | Found a sand-covered staircase.
  4197 | Ossuary  | Entered an ossuary
  4197 | Ossuary  | Noticed a wraith
  4197 | Ossuary  | Noticed a wraith
  4197 | Ossuary  | Noticed a wraith
  4557 | Ossuary  | Noticed a wraith
  4567 | Ossuary  | Killed a wraith
  4567 | Ossuary  | Reached skill level 4 in Conjurations
  5114 | D:5      | Noticed Blork the orc
  5127 | D:5      | Killed Blork the orc
  5127 | D:5      | Reached XP level 8. HP: 32/44 MP: 8/15
  5295 | D:5      | Reached * piety under Vehumet
  5295 | D:5      | Offered knowledge of Sting by Vehumet.
  5298 | D:5      | Learned a level 1 spell: Sting
  5507 | D:6      | Reached skill level 5 in Conjurations
  5574 | D:6      | Reached skill level 5 in Spellcasting
  6431 | D:7      | Offered knowledge of Shock by Vehumet.
  6440 | D:7      | Got an ichor-stained cloak
  6451 | D:7      | Identified the +2 cloak "Miwuskes" {rPois} (You found it on
                  | level 7 of the Dungeon)
  6529 | D:7      | Reached ** piety under Vehumet
  6886 | D:7      | Reached skill level 6 in Conjurations
  6886 | D:7      | Reached XP level 9. HP: 48/48 MP: 15/17
  7161 | D:7      | Found a runed translucent gate.
  7162 | D:7      | Found a runed translucent gate.
  7163 | D:7      | Found a runed translucent gate.
  7164 | D:7      | Noticed Rastanax's ghost (novice MiBe)
  7167 | D:7      | Noticed a kobold demonologist
  7330 | D:7      | Found a stormy altar of Qazlal.
  7485 | D:7      | Reached skill level 7 in Conjurations
  7841 | D:8      | Offered knowledge of Dazzling Spray by Vehumet.
  8136 | D:8      | Noticed Pikel
  8151 | D:8      | Killed Pikel
  8303 | D:8      | Reached *** piety under Vehumet
  8394 | D:8      | Reached skill level 1 in Staves
  8405 | D:8      | Learned a level 3 spell: Dazzling Spray
  8528 | D:8      | Reached skill level 8 in Conjurations
  8872 | D:9      | Noticed an ice statue
  8880 | D:9      | Killed an ice statue
  8880 | D:9      | Reached XP level 10. HP: 17/54 MP: 15/20
  8880 | D:9      | Engulfed by a cloud of freezing vapour

Levels and vault maps discovered:
D:1:      scummos_arrival_star, layout_loops_ring
D:2:      layout_basic, first_ration
D:3:      layout_rooms, overflow_temple_1_default
D:4:      layout_basic
D:5:      layout_cave_pools, minmay_temple_entry_overgrown,
          nicolae_ossuary_entry_ruins, uniq_blork_the_orc
D:6:      layout_loops_ring
D:7:      layout_loops_cross, gammafunk_ghost_nasty_kobolds,
          lemuel_altar_in_water
D:8:      layout_loops_corners, uniq_pikel
D:9:      lemuel_ice_statue, layout_irregular_city, erik_lair_island,
          uniq_harold, uniq_prince_ribbit1
Temple:   grunt_wide_crystal_templ

Skill      XL: |  1  2  3  4  5  6  7  8  9 |
---------------+----------------------------+-----
Earth Magic    | 4 5 6 |  6.9
Conjurations   | 1 3 4 6 8 |  8.3
Armour         | 1 2 3 4 |  4.2
Spellcasting   | 3 4 5 7 |  7.0
Maces & Flails | 1 2 3 |  3.5
Fighting       | 1 2 |  2.6
Dodging        | 2 3 |  3.0
Stealth        | 3 |  3.1
Staves         | 1 |  1.6
Transmutations | |  0.7
Poison Magic   | |  0.5

Action                   |  1- 3 |  4- 6 |  7- 9 | 10-12 || total
-------------------------+-------+-------+-------+-------++-------
Melee: Flail             |    40 |    60 |   111 |       ||   211
       Staff             |       |       |    83 |       ||    83
 Cast: Sandblast         |    26 |     3 |    13 |       ||    42
       Stone Arrow       |     8 |    34 |    72 |     1 ||   115
       Magic Dart        |       |    36 |   260 |       ||   296
       Sting             |       |       |    11 |       ||    11
       Lee's Rapid Decon |       |       |     2 |       ||     2
  Use: Scroll            |     4 |     4 |     9 |       ||    17
 Stab: Sleeping          |     1 |       |       |       ||     1
  Eat: Chunk             |     2 |     8 |    18 |       ||    28
       Ration            |       |     1 |     1 |       ||     2
Armor: Robe              |     6 |       |       |       ||     6
       Scale mail        |    21 |       |       |       ||    21
       Skin              |     1 |       |       |       ||     1
       Ring mail         |       |    36 |    18 |       ||    54
       Leather armour    |       |       |   111 |       ||   111
Dodge: Dodged            |    26 |    48 |   143 |       ||   217
